 Dungeon Crawl Stone Soup version 0.29-a0-998-g1987434951 (webtiles) character file.

Game seed: 1320540055303278343

15685 jfcaron the Skirmisher (level 12, -2/94 HPs)
             Began as a Gnoll Hunter on Aug 5, 2022.
             Was an Elder of Dithmenos.
             Slain by a komodo dragon (9 damage)
             ... on level 9 of the Dungeon on Aug 6, 2022.
             The game lasted 00:41:45 (12092 turns).

jfcaron the Skirmisher (Gnoll Hunter)              Turns: 12092, Time: 00:41:46

Health: -2/94      AC: 19    Str: 14    XL:     12   Next: 29%
Magic:  23/23      EV:  8    Int: 10    God:    Dithmenos [****..]
Gold:   229        SH:  0    Dex: 22    Spells: 25/25 levels left

rFire   . . .      SeeInvis .   b - +2 halberd (elec)
rCold   . . .      Faith    .   (shield currently unavailable)
rNeg    . . .      Spirit   .   f - +0 plate armour
rPois   .          Reflect  .   B - +0 helmet
rElec   .          Harm     .   U - +2 cloak
rCorr   .          Rampage  .   (no gloves)
Will    +....                   E - +0 pair of boots
Stlth   ..........              s - amulet of regeneration
HPRegen 1.05/turn               y - +6 ring of dexterity
MPRegen 0.18/turn               X - ring of willpower

@: wreathed by umbra
A: fangs 1, strong nose, distributed training
a: Renounce Religion, Shadow Step


You were on level 9 of the Dungeon.
You worshipped Dithmenos.
Dithmenos was greatly pleased with you.
You visited 2 branches of the dungeon, and saw 12 of its levels.
You also visited: Bailey.

You collected 579 gold pieces.
You spent 350 gold pieces at shops.

Inventory:

Hand Weapons
 a - a +1 shortbow of flaming
 b - a +2 halberd of electrocution (weapon)
 l - a +0 dagger of venom
 D - a +2 rapier of protection
 F - a +1 shortbow of freezing
 H - a +4 dagger
 S - a +3 dagger of freezing
 Z - a +2 long sword of holy wrath
Missiles
 k - 73 stones
 o - 31 poisoned darts
 p - 4 javelins
 v - 17 boomerangs (quivered)
 J - 4 throwing nets {!f}
 R - 5 silver javelins {!f}
Armour
 f - a +0 plate armour (worn)
 h - a +0 scale mail
 B - a +0 helmet (worn)
 E - a +0 pair of boots (worn)
 Q - +0 steam dragon scales
 U - a +2 cloak (worn)
 W - a +0 buckler
Jewellery
 s - an amulet of regeneration (around neck)
 w - a ring of fire
 y - a +6 ring of dexterity (left hand)
 K - a ring of fire
 V - a ring of positive energy
 X - a ring of willpower (right hand)
Wands
 t - a wand of polymorph (5)
Scrolls
 c - 5 scrolls of vulnerability
 e - 2 scrolls of immolation
 g - 2 scrolls of enchant weapon
 q - 4 scrolls of teleportation
 x - 3 scrolls of amnesia
 O - a scroll of identify
 T - a scroll of enchant armour
Potions
 i - 6 potions of curing
 j - 3 potions of lignification
 n - 2 potions of berserk rage
 r - 2 potions of ambrosia
 u - 4 potions of invisibility
 z - 3 potions of attraction
 A - 2 potions of heal wounds
 C - 5 potions of magic
 G - 2 potions of might
 I - a potion of cancellation
 L - 5 potions of haste
 M - 2 potions of resistance
 N - 3 potions of brilliance
 P - 3 potions of mutation
 Y - a potion of degeneration {unknown}


   Skills:
 + Level 8.8 Fighting
 + Level 7.4 Short Blades
 + Level 7.4 Long Blades
 + Level 7.4 Axes
 + Level 7.4 Maces & Flails
 + Level 7.4 Polearms
 + Level 7.4 Staves
 + Level 11.3 Ranged Weapons
 + Level 7.4 Throwing
 + Level 7.4 Armour
 + Level 8.8 Dodging
 + Level 7.8 Stealth
 + Level 7.4 Shields
 + Level 7.4 Unarmed Combat
 + Level 7.4 Spellcasting
 + Level 6.1 Conjurations
 + Level 6.1 Hexes
 + Level 6.1 Summonings
 + Level 6.1 Necromancy
 + Level 6.1 Translocations
 + Level 6.1 Transmutations
 + Level 6.1 Fire Magic
 + Level 6.1 Ice Magic
 + Level 6.1 Air Magic
 + Level 6.1 Earth Magic
 + Level 6.1 Poison Magic
 + Level 8.1 Invocations
 + Level 7.4 Evocations


You had 25 spell levels left.
You didn't know any spells.
Your spell library contained the following spells:

 Spells                   Type           Power      Damage    Failure   Level
 Slow                     Hex            64%        N/A       65%         1
 Poisonous Vapours        Pois/Air       32%        N/A       78%         2
 Confusing Touch          Hex            16%        N/A       95%         3
 Conjure Flame            Conj/Fire      16%        6-21      95%         3
 Ignite Poison            Fire/Tmut/Pois 16%        N/A       95%         3
 Ozocubu's Armour         Ice            16%        N/A       95%         3
 Vampiric Draining        Necr           16%        2d7       95%         3
 Corpse Rot               Necr/Pois/Air  16%        N/A       100%        4
 Sticky Flame             Conj/Fire      16%        2d4       100%        4
 Summon Ice Beast         Ice/Summ       16%        N/A       100%        4
 Summon Mana Viper        Hex/Summ       16%        N/A       100%        5
 Monstrous Menagerie      Summ           8%         N/A       100%        7
 Ozocubu's Refrigeration  Ice            8%         4d9       100%        7


Dungeon Overview and Level Annotations

Branches:
Dungeon (11/15)            Temple (0/1) D:7            Lair (1/5) D:9
    Orc (0/2) D:9          Bailey (visited)

Altars:
Ashenzari
Cheibriados
Dithmenos
Gozag
Hepliaklqana
Nemelex Xobeh
Sif Muna
Trog
Wu Jian
Zin

Shops:
D:8 ??*!*


Innate Abilities, Weirdness & Mutations

You have very sharp teeth.
Your uncanny sense of smell can sniff out nearby items.
Your experience applies equally to all skills.


Message History

You slash the yak!
The yak is lightly wounded.
The yak gores you but does no damage. The komodo dragon bites you!!
You barely miss the yak.
The yak is lightly wounded.
The yak gores you but does no damage. The komodo dragon barely misses you.
The yak gores you!
You are too injured to fight recklessly!
You are too injured to fight recklessly!
You puncture the komodo dragon!
The komodo dragon is moderately wounded.
The komodo dragon bites you!!
* * * LOW HITPOINT WARNING * * *
The yak gores you!
* * * LOW HITPOINT WARNING * * *
You hit the komodo dragon.
The komodo dragon is moderately wounded.
The komodo dragon bites you.
* * * LOW HITPOINT WARNING * * *
The yak gores you but does no damage.
Unknown command.
You feel much better. The komodo dragon bites you.
The yak completely misses you.
You closely miss the komodo dragon.
The komodo dragon is moderately wounded.
Your shadow closely misses the komodo dragon.
The komodo dragon bites you!
* * * LOW HITPOINT WARNING * * *
The yak gores you but does no damage. The komodo dragon bites you!
* * * LOW HITPOINT WARNING * * *
You feel much better. The yak barely misses you. The komodo dragon bites you!
* * * LOW HITPOINT WARNING * * *
You feel much better. The yak gores you but does no damage.
The komodo dragon bites you!!
* * * LOW HITPOINT WARNING * * *
Unknown command.
You slice the komodo dragon!!
The komodo dragon is severely wounded.
The yak gores you but does no damage. The komodo dragon bites you!
You die...

####### ##P..PP##
###### #.......#
#..... #......P##
#.....
#.Y@.....######.....
#...l..^.#.......###
#..........##...####
#..........##.......
#........#.##...####
#.......##.###..#
#.......#..###..#
##P....##.......#
##...###.......#


You could see a komodo dragon and a yak.

Vanquished Creatures
  A hydra (D:11)
  A boulder beetle (D:11)
  2 two-headed ogres (D:11)
  A sixfirhy (D:9)
  Pikel (D:6)
  An orc knight (Bailey)
  2 manticores
  A cyclops (D:11)
  A black mamba (Lair:1)
  A kobold demonologist (D:10)
  A komodo dragon (D:9)
  2 trolls
  A hornet (D:9)
  2 shadows (D:11)
  A wraith (D:10)
  A vampire (D:11)
  23 yaks
  Eustachio (D:6)
  3 wyverns
  4 steam dragons
  Duvessa (D:7)
  2 water moccasins (Lair:1)
  6 orc warriors
  2 ice beasts
  A black bear (D:4)
  2 sky beasts
  2 ogres
  4 lemures (D:6)
  4 centaurs
  2 kobold brigands
  2 necrophages
  4 bullfrogs
  A gnoll sergeant (D:10)
  4 scorpions
  3 wights (D:9)
  9 killer bees (D:9)
  Dowan (D:7)
  A howler monkey (D:7)
  2 hounds
  A gnoll bouda (D:6)
  3 orc priests
  2 jellies
  2 iguanas
  10 orc wizards
  A mummy (D:7)
  27 gnolls
  8 adders
  2 shadow imps
  3 white imps
  2 ufetubi (D:5)
  43 orcs
  4 ball pythons
  9 endoplasms
  A giant cockroach (D:1)
  7 hobgoblins
  5 jackals (D:4)
  20 kobolds
  4 quokkas
  3 bats
  3 frilled lizards (D:3)
  7 goblins
  2 hobgoblin zombies (D:7)
  A kobold zombie (D:7)
  An orc zombie (D:7)
  A fungus (Lair:1)
  43 plants
319 creatures vanquished.

Notes
Turn   | Place    | Note
-------+----------+-------------------------------------------
     0 | D:1      | jfcaron the Gnoll Hunter began the quest for the Orb.
     0 | D:1      | Reached XP level 1. HP: 20/20 MP: 1/1
    39 | D:1      | Reached XP level 2. HP: 16/26 MP: 2/2
   384 | D:1      | Found a faded altar of an unknown god.
   454 | D:1      | Reached XP level 3. HP: 31/31 MP: 3/3
   713 | D:2      | Reached skill level 1 in Invocations
   947 | D:2      | Reached skill level 1 in Short Blades
   947 | D:2      | Reached skill level 1 in Long Blades
   947 | D:2      | Reached skill level 1 in Axes
   947 | D:2      | Reached skill level 1 in Maces & Flails
   947 | D:2      | Reached skill level 1 in Polearms
   947 | D:2      | Reached skill level 1 in Staves
   947 | D:2      | Reached skill level 1 in Throwing
   947 | D:2      | Reached skill level 1 in Armour
   947 | D:2      | Reached skill level 1 in Shields
   947 | D:2      | Reached skill level 1 in Unarmed Combat
   947 | D:2      | Reached skill level 1 in Spellcasting
   947 | D:2      | Reached skill level 1 in Evocations
  1443 | D:3      | Reached XP level 4. HP: 22/38 MP: 5/5
  1448 | D:3      | Reached skill level 1 in Conjurations
  1448 | D:3      | Reached skill level 1 in Hexes
  1448 | D:3      | Reached skill level 1 in Summonings
  1448 | D:3      | Reached skill level 1 in Necromancy
  1448 | D:3      | Reached skill level 1 in Translocations
  1448 | D:3      | Reached skill level 1 in Transmutations
  1448 | D:3      | Reached skill level 1 in Fire Magic
  1448 | D:3      | Reached skill level 1 in Ice Magic
  1448 | D:3      | Reached skill level 1 in Air Magic
  1448 | D:3      | Reached skill level 1 in Earth Magic
  1448 | D:3      | Reached skill level 1 in Poison Magic
  2178 | D:4      | Noticed a necrophage
  2199 | D:3      | Killed a necrophage
  2200 | D:3      | Reached XP level 5. HP: 19/43 MP: 5/7
  2926 | D:4      | Noticed an ogre
  2945 | D:4      | Killed an ogre
  2946 | D:4      | Reached skill level 5 in Fighting
  2946 | D:4      | Reached skill level 5 in Dodging
  2946 | D:4      | Reached XP level 6. HP: 24/51 MP: 7/9
  3429 | D:5      | Entered Level 5 of the Dungeon
  3592 | D:5      | Noticed a black bear
  3613 | D:4      | Killed a black bear
  3614 | D:4      | Reached XP level 7. HP: 33/56 MP: 10/10
  3752 | D:5      | Found a snail-covered altar of Cheibriados.
  3853 | D:5      | Found a hazy altar of Hepliaklqana.
  3863 | D:5      | Reached skill level 9 in Ranged Weapons
  4104 | D:5      | Found a shadowy altar of Dithmenos.
  4160 | D:5      | Found a glowing silver altar of Zin.
  4192 | D:5      | Became a worshipper of Dithmenos the Shadowed
  4303 | D:5      | Found an ornate altar of the Wu Jian Council.
  4491 | D:6      | Reached XP level 8. HP: 40/63 MP: 12/12
  4578 | D:6      | Noticed Pikel
  4606 | D:6      | Killed Pikel
  4935 | D:6      | Noticed Eustachio
  4971 | D:6      | Killed Eustachio
  4972 | D:6      | Reached XP level 9. HP: 66/69 MP: 14/14
  5247 | D:6      | Reached skill level 5 in Stealth
  5682 | D:7      | Reached * piety under Dithmenos
  6018 | D:7      | Noticed Dowan
  6020 | D:7      | Noticed Duvessa
  6046 | D:7      | Killed Duvessa
  6047 | D:7      | Reached skill level 5 in Invocations
  6066 | D:7      | Killed Dowan
  6140 | D:7      | Noticed a manticore
  6155 | D:7      | HP: 10/71 [manticore (14)]
  6156 | D:7      | Killed a manticore
  6330 | D:7      | Found a staircase to the Ecumenical Temple.
  6351 | D:7      | You fall into a shaft and drop 1 floor!
  6428 | D:8      | Found a sparkling altar of Nemelex Xobeh.
  6482 | D:8      | Found Iheikhlau's Magic Scroll Shoppe.
  6499 | D:8      | Found a flagged portal.
  6501 | D:8      | Found Mettiagitt's Magic Scroll Emporium.
  6505 | D:8      | Reached skill level 5 in Short Blades
  6505 | D:8      | Reached skill level 5 in Long Blades
  6505 | D:8      | Reached skill level 5 in Axes
  6505 | D:8      | Reached skill level 5 in Maces & Flails
  6505 | D:8      | Reached skill level 5 in Polearms
  6505 | D:8      | Reached skill level 5 in Staves
  6505 | D:8      | Reached skill level 5 in Throwing
  6505 | D:8      | Reached skill level 5 in Armour
  6505 | D:8      | Reached skill level 5 in Shields
  6505 | D:8      | Reached skill level 5 in Unarmed Combat
  6505 | D:8      | Reached skill level 5 in Spellcasting
  6505 | D:8      | Reached skill level 5 in Evocations
  6505 | D:8      | Reached ** piety under Dithmenos
  6522 | Bailey   | Entered a bailey
  6539 | Bailey   | Reached XP level 10. HP: 76/76 MP: 17/17
  6743 | Bailey   | Noticed an orc knight
  6746 | Bailey   | Killed an orc knight
  6747 | Bailey   | Reached skill level 10 in Ranged Weapons
  7036 | D:8      | Found a broken altar of Ashenzari.
  7089 | D:8      | Found Zissel's General Store.
  7510 | D:8      | Found a bloodstained altar of Trog.
  7734 | D:8      | Found Maxtu Uqarph's Assorted Antiques.
  7764 | D:8      | Found Liydoy's Distillery.
  7809 | D:8      | Found a shimmering blue altar of Sif Muna.
  7818 | D:8      | Found an opulent altar of Gozag.
  8124 | D:8      | Bought a scroll labelled VUPTOIFANI for 20 gold pieces
  8125 | D:8      | Bought a helmet for 90 gold pieces
  8147 | D:8      | Bought a potion of magic for 96 gold pieces
  8147 | D:8      | Bought a potion of might for 48 gold pieces
  8147 | D:8      | Bought a potion of cancellation for 96 gold pieces
  8203 | D:9      | Paralysed by a hornet for 1 turns
  8208 | D:9      | Reached *** piety under Dithmenos
  8368 | D:9      | Found a staircase to the Orcish Mines.
  8779 | D:9      | HP: 13/79 [wyvern (6)]
  8784 | D:9      | Reached skill level 5 in Conjurations
  8784 | D:9      | Reached skill level 5 in Hexes
  8784 | D:9      | Reached skill level 5 in Summonings
  8784 | D:9      | Reached skill level 5 in Necromancy
  8784 | D:9      | Reached skill level 5 in Translocations
  8784 | D:9      | Reached skill level 5 in Transmutations
  8784 | D:9      | Reached skill level 5 in Fire Magic
  8784 | D:9      | Reached skill level 5 in Ice Magic
  8784 | D:9      | Reached skill level 5 in Air Magic
  8784 | D:9      | Reached skill level 5 in Earth Magic
  8784 | D:9      | Reached skill level 5 in Poison Magic
  8784 | D:9      | Reached XP level 11. HP: 18/85 MP: 20/20
  8786 | D:9      | HP: 17/85 [poisoned by a killer bee]
  8863 | D:9      | Found a staircase to the Lair.
  9043 | D:9      | Found a runed translucent door.
  9043 | D:9      | Noticed a sixfirhy
  9310 | D:9      | Killed a sixfirhy
  9360 | D:10     | Entered Level 10 of the Dungeon
  9729 | D:10     | Reached **** piety under Dithmenos
  9948 | D:10     | HP: 10/86 [yak (8)]
 10968 | D:11     | Noticed an eight-headed hydra
 10973 | D:11     | HP: 15/86 [eight-headed hydra (9)]
 10981 | D:11     | HP: 14/86 [eight-headed hydra (9)]
 10982 | D:11     | Killed an eight-headed hydra
 11073 | D:11     | Noticed a two-headed ogre
 11082 | D:10     | Noticed a soul eater
 11091 | D:11     | Killed a two-headed ogre
 11165 | D:11     | Noticed a two-headed ogre
 11173 | D:11     | Killed a two-headed ogre
 11173 | D:11     | Noticed a manticore
 11174 | D:11     | Reached skill level 11 in Ranged Weapons
 11183 | D:11     | Killed a manticore
 11317 | D:11     | Noticed Urug
 11318 | D:11     | Noticed Urug
 11318 | D:11     | Urug changed into Urug the yak
 11330 | D:11     | Killed Urug the yak
 11481 | D:11     | Reached XP level 12. HP: 94/94 MP: 22/22
 11564 | D:11     | Noticed a boulder beetle
 11576 | D:11     | Killed a boulder beetle
 11932 | Lair:1   | Entered Level 1 of the Lair of Beasts
 11975 | Lair:1   | Noticed a four-headed hydra
 11983 | Lair:1   | HP: 15/94 [yak (10)]
 11988 | Lair:1   | HP: 15/94 [poisoned by a water moccasin]
 11990 | Lair:1   | HP: 1/94 [komodo dragon (14)]
 12086 | D:9      | HP: 17/94 [yak (7)]
 12089 | D:9      | HP: 5/94 [komodo dragon (15)]
 12092 | D:9      | Slain by a komodo dragon

Illustrated notes

Levels and vault maps discovered:
D:1:      minmay_arrival_diagonal_passages, layout_rooms,
          ebering_ecumenical_altar_mist
D:2:      layout_rooms
D:3:      layout_basic
D:4:      layout_gridville
D:5:      layout_basic, nicolae_wu_jian_immortal_techniques,
          general_overflow_altar, nicolae_dithmenos_the_darkroom,
          mainiacjoe_overflow_catwalk, mainiacjoe_overflow_boulevard,
          small_statue_intersection
D:6:      layout_loops_cross, uniq_eustachio, uniq_pikel
D:7:      layout_gridville, minmay_temple_entry_gardened_gates,
          minmay_mini_ossuary, uniq_duvessa
D:8:      layout_basic, nemelex_spade_bored_becter, mainiacjoe_overflow_swirl,
          cheibrodos_ashenzari_chains, trog_book, enter_bailey_4, serial_shops,
          shop_fountains, nicolae_shop_statue_plus, shop,
          nicolae_shop_hallway_plus, shop
D:9:      cheibrodos_shockbox, layout_loops_ring, david_lair_shrubbed,
          david_orc_4
D:10:     layout_layer_cave
D:11:     layout_long_grid, uniq_urug
Lair:1:   layout_cave_pods

Skill      XL: |  1  2  3  4  5  6  7  8  9 10 11 12 |
---------------+-------------------------------------+-----
Invocations    | 1 2 3 4 5 6 7 8 |  8.1
Short Blades   | 1 2 3 5 6 7 |  7.4
Long Blades    | 1 2 3 5 6 7 |  7.4
Axes           | 1 2 3 5 6 7 |  7.4
Maces & Flails | 1 2 3 5 6 7 |  7.4
Polearms       | 1 2 3 5 6 7 |  7.4
Staves         | 1 2 3 5 6 7 |  7.4
Throwing       | 1 2 3 5 6 7 |  7.4
Armour         | 1 2 3 5 6 7 |  7.4
Shields        | 1 2 3 5 6 7 |  7.4
Unarmed Combat | 1 2 3 5 6 7 |  7.4
Spellcasting   | 1 2 3 5 6 7 |  7.4
Evocations     | 1 2 3 5 6 7 |  7.4
Conjurations   | 1 2 3 4 5 6 |  6.1
Hexes          | 1 2 3 4 5 6 |  6.1
Summonings     | 1 2 3 4 5 6 |  6.1
Necromancy     | 1 2 3 4 5 6 |  6.1
Translocations | 1 2 3 4 5 6 |  6.1
Transmutations | 1 2 3 4 5 6 |  6.1
Fire Magic     | 1 2 3 4 5 6 |  6.1
Ice Magic      | 1 2 3 4 5 6 |  6.1
Air Magic      | 1 2 3 4 5 6 |  6.1
Earth Magic    | 1 2 3 4 5 6 |  6.1
Poison Magic   | 1 2 3 4 5 6 |  6.1
Stealth        | 3 4 5 6 7 |  7.8
Fighting       | 5 6 7 8 |  8.8
Dodging        | 5 6 7 8 |  8.8
Ranged Weapons | 9 10 11 | 11.3

Action                   |  1- 3 |  4- 6 |  7- 9 | 10-12 || total
-------------------------+-------+-------+-------+-------++-------
Melee: Whip              |     5 |    18 |    73 |     1 ||    97
       Dagger            |     5 |    30 |   120 |    56 ||   211
       Bite              |     1 |     7 |    40 |    62 ||   110
       Punch             |     1 |     1 |    18 |     1 ||    21
       Rapier            |       |       |    34 |       ||    34
       Trident           |       |       |    17 |       ||    17
       Halberd           |       |       |       |   419 ||   419
 Fire: Shortbow          |    80 |    58 |   128 |    28 ||   294
Throw: Dart              |     1 |       |    41 |    33 ||    75
       Javelin           |     1 |       |     4 |       ||     5
       Stone             |       |       |       |     5 ||     5
       Boomerang         |       |       |       |     5 ||     5
Evoke: Wand              |       |       |       |    28 ||    28
  Use: Scroll            |     3 |     9 |     9 |    13 ||    34
       Potion            |       |       |     1 |     4 ||     5
Armor: Scale mail        |     8 |       |       |       ||     8
       Chain mail        |     1 |    43 |   125 |    13 ||   182
       Plate armour      |       |       |       |   315 ||   315
Dodge: Dodged            |    11 |    41 |   126 |   229 ||   407

Table legend: (Time is in decaauts)
 A = Elapsed time spent in this place.
 B = Non-inter-level travel time spent in this place.
 C = Inter-level travel time spent in this place.
 D = Time resting spent in this place.
 E = Time spent auto-exploring this place.
 F = Levels seen in this place.
 G = Mean time per level.
                   A        B        C        D        E       F      G
               +--------+--------+--------+--------+--------+-----+--------+
         Total |  12208 |  11574 |    634 |   1776 |   7119 |  13 |  939.1 |
       Dungeon |  11734 |  11100 |    634 |   1671 |   7099 |  11 | 1066.7 |
          Lair |     69 |     69 |      0 |      0 |     14 |   1 |   69.0 |
        Bailey |    404 |    404 |      0 |    104 |      6 |   1 |  404.0 |
               +--------+--------+--------+--------+--------+-----+--------+

Top non-repeatable levels by time:
    D:10: 1546 daAuts
     D:8: 1371 daAuts
     D:9: 1303 daAuts
     D:4: 1275 daAuts
     D:6: 1168 daAuts
     D:3: 1038 daAuts
    D:11: 1011 daAuts
     D:7: 882 daAuts
     D:5: 810 daAuts
     D:1: 701 daAuts
     D:2: 624 daAuts
  Bailey: 404 daAuts
  Lair:1: 69 daAuts
